 Dungeon Crawl Stone Soup version 0.22-a0-799-g88f5e90 (console) character file.

107 Jenz the Insei (level 4, -3/32 HPs)
             Began as a Demonspawn Transmuter on July 21, 2018.
             Was a Believer of Uskayaw.
             Splashed by a jelly's acid (8 damage)
             ... on level 3 of the Dungeon.
             The game lasted 00:17:40 (1868 turns).

Jenz the Insei (Demonspawn Transmuter)              Turns: 1868, Time: 00:17:41

Health: -3/32      AC: -1    Str: 12    XL:     4   Next: 56%
Magic:  4/7        EV: 13    Int: 14    God:    Uskayaw [**....]
Gold:   131        SH:  0    Dex: 13    Spells: 2/8 levels left

rFire    . . .     SeeInvis .   e - +0 hand axe (freeze)
rCold    . . .     Gourm    .   (no shield)
rNeg     . . .     Faith    .   b - +0 robe
rPois    .         Spirit   .   (no helmet)
rElec    .         Reflect  .   i - +0 cloak
rCorr    .         Harm     .   (no gloves)
MR       .....                  (no boots)
Stlth    +++.......             (no amulet)
HPRegen  0.10/turn              (no ring)
MPRegen  0.10/turn              (no ring)

@: appendage, corroded, very slightly contaminated
A: horns 2, talons 1, nightstalker 1, powered by pain 1
a: End Transformation, Stomp, Line Pass, Renounce Religion


You were on level 3 of the Dungeon.
You worshipped Uskayaw.
Uskayaw was noncommittal.
You were not hungry.
You had grown temporary horns.
You visited 1 branch of the dungeon, and saw 3 of its levels.

You collected 131 gold pieces.

Inventory:

Hand Weapons
 e - a +0 hand axe of freezing (weapon)
 j - a +0 short sword
Missiles
 a - 12 arrows
Armour
 b - a +0 robe (worn)
 i - a +0 cloak (worn)
Scrolls
 g - a scroll of blinking
 h - 2 scrolls of identify
Potions
 c - 2 potions of ambrosia
 k - 2 potions of heal wounds {unknown}
 l - a potion of haste {unknown}
Comestibles
 d - a ration
 f - 8 chunks of flesh


   Skills:
 + Level 1.5 Fighting
 + Level 1.7 Axes
 + Level 2.6 Dodging
 + Level 1.0 Stealth
 + Level 3.0 Unarmed Combat
 + Level 2.5 Spellcasting
 + Level 1.9 Transmutations


You had 2 spell levels left.
You knew the following spells:

 Your Spells              Type           Power        Failure   Level  Hunger
a - Beastly Appendage     Tmut           #.....       10%         1    #......
b - Spider Form           Tmut/Pois      #.........   41%         3    ###....
c - Sticks to Snakes      Tmut           #.......     16%         2    ###....

Your spell library contained the following spells:

 Spells                   Type           Power        Failure   Level  Hunger
 Blade Hands              Tmut           #.........   95%         5    ######.
 Ice Form                 Ice/Tmut       #.......     83%         4    #####..


Dungeon Overview and Level Annotations

Branches:
Dungeon (3/15)

Altars:
Uskayaw


Innate Abilities, Weirdness & Mutations

You have sharp toenails.
You are slightly more attuned to the shadows.
You sometimes gain a little power by taking damage.
You have a pair of horns on your head.


Message History

The jelly quivers.
The jelly barely misses you.
You hit the jelly. You freeze the jelly.
Your hands burn!
You claw the jelly.
The jelly is heavily wounded.
The jelly completely misses you.
You hit the jelly but do no damage.
Your hands burn!
The jelly is heavily wounded.
The jelly misses you.
You hit the jelly but do no damage.
Your hands burn!
You claw the jelly, but do no damage.
The jelly is heavily wounded.
The jelly hits you. The acid corrodes you!
You are splashed with acid!
The acid burns!
* * * LOW HITPOINT WARNING * * *
Casting: Spider Form (slightly dangerous; 41% risk of failure)
Confirm with . or Enter, or press ? or * to list all spells.
You grow a pair of large bovine horns.
The jelly hits you.
* * * LOW HITPOINT WARNING * * *
The acid corrodes you!
You are splashed with acid!
The acid burns!
You die...

##........#
#<.#..)..###
#.###...##.<
####.###....†). <
###....#......##.
.#####...##.....####..
# ....#.........###
#.# #.# #........####
#. #...#.....#### #.
!........## #.
##.##.@J##
#........####
.....).##....#
........####..#
####....# .# ##....
..#..# #.# #..


You could see a jelly.

Vanquished Creatures
  Jessica (D:2)
  A worker ant (D:2)
  2 dart slugs (D:2)
  A leopard gecko (D:1)
  An orc (D:3)
  A ball python (D:3)
  6 bats (D:1)
  6 giant cockroaches
  6 goblins
  6 hobgoblins
  2 frilled lizards (D:1)
  7 kobolds
  7 rats
47 creatures vanquished.

Notes
Turn   | Place    | Note
-------+----------+-------------------------------------------
     0 | D:1      | Jenz the Demonspawn Transmuter began the quest for the Orb.
     0 | D:1      | Reached XP level 1. HP: 15/15 MP: 3/3
   113 | D:1      | Gained mutation: You sometimes gain a little power by taking damage. [demonic ancestry]
   113 | D:1      | Reached XP level 2. HP: 17/21 MP: 5/5
   639 | D:1      | Reached skill level 3 in Unarmed Combat
   895 | D:1      | Gained mutation: You are slightly more attuned to the shadows. [demonic ancestry]
   895 | D:1      | Reached XP level 3. HP: 22/26 MP: 6/6
  1148 | D:2      | Found a faded altar of an unknown god.
  1157 | D:2      | Became a worshipper of Uskayaw the Reveler
  1157 | D:2      | Reached * piety under Uskayaw
  1287 | D:2      | Noticed Jessica
  1294 | D:2      | Killed Jessica
  1294 | D:2      | Reached skill level 1 in Axes
  1345 | D:2      | Gained mutation: You have sharp toenails. [demonic ancestry]
  1345 | D:2      | Reached XP level 4. HP: 5/32 MP: 1/7
  1801 | D:3      | Learned a level 3 spell: Spider Form
  1804 | D:3      | Learned a level 2 spell: Sticks to Snakes
  1859 | D:3      | Reached skill level 1 in Stealth
  1859 | D:3      | Reached ** piety under Uskayaw
  1868 | D:3      | Splashed by a jelly's acid

Vault maps used:
D:1:      evilmike_arrival_rings, minmay_hexomino_u4
D:2:      chequers_ecumenical_altar_simple, first_ration, uniq_jessica
D:3:      grunt_temple_overflow_diamond

Skill      XL: |  1  2  3  4 |
---------------+-------------+-----
Dodging        | 2 |  2.6
Unarmed Combat | 3 |  3.0
Axes           | 1 |  1.7
Stealth        | 1 |  1.0
Fighting       | |  1.5
Spellcasting   | |  2.5
Transmutations | |  1.9

Action                   |  1- 3 |  4- 6 || total
-------------------------+-------+-------++-------
Melee: Hand axe          |    89 |    25 ||   114
       Unarmed           |     3 |     3 ||     6
       Headbutt          |     2 |       ||     2
       Punch             |     1 |       ||     1
       Kick              |       |     8 ||     8
 Cast: Beastly Appendage |     5 |     2 ||     7
       Spider Form       |       |     1 ||     1
Invok: Stomp             |     3 |       ||     3
  Use: Scroll            |     4 |       ||     4
       Potion            |     1 |       ||     1
 Stab: Sleeping          |     2 |     3 ||     5
  Eat: Chunk             |     2 |       ||     2
       Ration            |       |     1 ||     1
Armor: Robe              |    31 |     4 ||    35
Dodge: Dodged            |   109 |    18 ||   127

Table legend:
 A = Spawn XP
 B = Non-spawn XP
 C = Spawn XP percentage of total XP
 D = Spawn monster count
 E = Non-spawn monster count
 F = Spawn count percentage of total count
 G = Total turns spent on level
                    A         B        C        D         E        F      G
               +---------+---------+-------+---------+---------+-------+---------
         Total |       0 |     153 |   0.0 |       0 |      47 |   0.0 |  1868
               +---------+---------+-------+---------+---------+-------+---------
           D:1 |       0 |      42 |   0.0 |       0 |      26 |   0.0 |  1046
           D:2 |       0 |      93 |   0.0 |       0 |      12 |   0.0 |   740
           D:3 |       0 |      18 |   0.0 |       0 |       9 |   0.0 |    82
               +---------+---------+-------+---------+---------+-------+---------
